 Dungeon Crawl Stone Soup version 0.28-a0-1486-g8196b01e9b (webtiles) character file.

Game seed: 13862910263399505764

240 McIrco the Fighter (level 5, -2/53 HPs)
             Began as a Minotaur Fighter on Jan 12, 2022.
             Succumbed to a kobold brigand's curare-tipped dart
             ... in a sewer.
             The game lasted 00:03:12 (2895 turns).

McIrco the Fighter (Minotaur Fighter)               Turns: 2895, Time: 00:03:13

Health: -2/53      AC:  9    Str: 22    XL:     5   Next: 80%
Magic:  4/4        EV:  9    Int:  5    God:
Gold:   43         SH:  4    Dex: 10    Spells: 4/4 levels left

rFire   . . .      SeeInvis .   h - +1 war axe (vorpal)
rCold   . . .      Faith    .   c - +0 buckler
rNeg    . . .      Spirit   .   b - +0 scale mail
rPois   .          Reflect  .   (helmet restricted)
rElec   .          Harm     .   f - +0 cloak
rCorr   .          Rampage  .   j - +0 pair of gloves
Will    .....                   (no boots)
Stlth   ..........              (no amulet)
HPRegen 0.17/turn               (no ring)
MPRegen 0.09/turn               (no ring)

@: lethally poisoned (-2 -> -30), slowed, very slow
A: horns 2, retaliatory headbutt
a: no special abilities


You were in a sewer.
You visited 1 branch of the dungeon, and saw 4 of its levels.
You also visited: Sewer.

You collected 43 gold pieces.

Inventory:

Hand Weapons
 a - a +0 war axe
 h - a +1 vorpal war axe (weapon)
 n - a +1 falchion of flaming
Missiles
 q - 6 javelins (quivered)
Armour
 b - a +0 scale mail (worn)
 c - a +0 buckler (worn)
 f - a +0 cloak (worn)
 j - a +0 pair of gloves (worn)
Jewellery
 e - a ring of resist corrosion
Scrolls
 i - a scroll of identify
Potions
 d - a potion of might
 g - 2 potions of curing
 k - a potion of ambrosia {unknown}
 l - a potion of invisibility {unknown}
 p - a potion of heal wounds {unknown}


   Skills:
 + Level 8.0 Fighting
 - Level 2.4 Axes
 - Level 3.6 Armour
 - Level 3.6 Shields


You had 4 spell levels left.
You didn't know any spells.
Your spell library contained the following spells:

 Spells                   Type           Power      Damage    Failure   Level
 Magic Dart               Conj           0%         1d3       88%         1
 Animate Dead             Necr           0%         N/A       100%        4
 Cause Fear               Hex            0%         N/A       100%        4
 Borgnjor's Vile Clutch   Necr/Erth      0%         N/A       100%        5
 Fireball                 Conj/Fire      0%         3d3       100%        5
 Dragon Form              Tmut           0%         N/A       100%        7
 Haunt                    Necr/Summ      0%         N/A       100%        7
 Infestation              Necr           0%         N/A       100%        8
 Dragon's Call            Summ           0%         N/A       100%        9
 Shatter                  Erth           0%         3d5*      100%        9


Dungeon Overview and Level Annotations

Branches:
Dungeon (4/15)              Sewer (1/1)
 Temple: D:4-7

Altars:
Qazlal
Sif Muna


Innate Abilities, Weirdness & Mutations

You have a pair of horns on your head.
You reflexively headbutt those who attack you in melee.


Message History

No reachable target in view!
No reachable target in view!
No reachable target in view!
No reachable target in view!
A kobold is nearby!
The kobold brigand shouts!
The kobold brigand throws a curare-tipped dart.
The curare-tipped dart closely misses you.
You block the kobold's attack.
You barely miss the kobold. Your headbutt misses the kobold.
The kobold hits you but does no damage.
You miss the kobold. You block the kobold's attack.
The kobold hits you but does no damage.
You slash the kobold!
You kill the kobold!
Things that are here:
a +0 dagger; a stone; a kobold corpse You enter the shallow water.
Moving in this stuff is going to be slow.
The kobold brigand throws a curare-tipped dart.
The curare-tipped dart hits you.
You are poisoned.
You have difficulty breathing.
You feel yourself slow down.
You feel extremely sick.
The kobold brigand throws a curare-tipped dart.
The curare-tipped dart hits you.
You are more poisoned.
You have difficulty breathing.
You feel as though you will be slow longer.
The kobold brigand throws a curare-tipped dart.
The curare-tipped dart barely misses you.
The kobold brigand throws a curare-tipped dart.
The curare-tipped dart hits you.
You are lethally poisoned!
You have difficulty breathing.
You feel as though you will be slow longer.
Unknown command.
* * * LOW HITPOINT WARNING * * *
You feel extremely sick.
You die...

##≈≈≈## #.≈≈≈.# #.≈≈≈.###
#.≈≈≈..∩# #≈≈≈≈.### #.≈≈≈.#
##≈≈≈≈.##
#####################..≈≈≈..#
..)≈)≈≈≈≈≈≈≈≈≈≈≈@≈≈≈≈≈≈≈≈≈.≈#
#####################≈≈≈≈K.≈#
#).≈≈K..# #.≈≈≈≈≈.# #≈≈≈≈≈≈≈#
#.≈≈≈≈≈≈# #≈≈≈≈≈≈≈# #.≈≈≈≈..#
#.≈..≈..#


There were no monsters in sight!

Vanquished Creatures
  A kobold brigand (Sewer)
  6 adders
  3 river rats
  3 worms
  A dart slug (D:3)
  3 orcs (D:3)
  7 endoplasms
  3 giant cockroaches
  5 goblins
  4 hobgoblins
  6 jackals
  10 kobolds
  3 quokkas
  4 ball pythons (D:2)
  6 bats
  5 frilled lizards
  10 rats
80 creatures vanquished.

Notes
Turn   | Place    | Note
-------+----------+-------------------------------------------
     0 | D:1      | McIrco the Minotaur Fighter began the quest for the Orb.
     0 | D:1      | Reached XP level 1. HP: 19/19 MP: 0/0
    93 | D:1      | Reached skill level 4 in Fighting
   271 | D:1      | Reached XP level 2. HP: 24/26 MP: 1/1
   928 | D:2      | Reached skill level 5 in Fighting
   929 | D:2      | Found a faded altar of an unknown god.
   981 | D:2      | Reached XP level 3. HP: 36/36 MP: 2/2
  1752 | D:3      | Reached skill level 6 in Fighting
  1752 | D:3      | Reached XP level 4. HP: 44/44 MP: 3/3
  1770 | D:3      | Found a shimmering blue altar of Sif Muna.
  1851 | D:3      | Found a stormy altar of Qazlal.
  1991 | D:3      | Got the Papyrus of Excruciating Earth
  2268 | D:4      | Noticed a scorpion
  2306 | D:4      | Reached skill level 7 in Fighting
  2306 | D:4      | Reached XP level 5. HP: 19/52 MP: 4/4
  2417 | D:4      | Found a glowing drain.
  2452 | Sewer    | Entered a sewer
  2770 | Sewer    | Reached skill level 8 in Fighting
  2895 | Sewer    | Succumbed to a kobold brigand's curare-tipped dart

Illustrated notes

Levels and vault maps discovered:
D:1:      psy_arrival_radial01, layout_loops_ring
D:2:      layout_basic, nicolae_ecumenical_snake_handling
D:3:      layout_rooms, nicolae_qazlal_general_emergency,
          mainiacjoe_overflow_paths
D:4:      layout_basic, lightli_sewer_entry_pipes
Sewer:    sewer_kobolds

Skill      XL: |  1  2  3  4  5 |
---------------+----------------+-----
Fighting       | 4 5 6 7 8 |  8.0
Axes           | |  2.4
Armour         | |  3.6
Shields        | |  3.6

Action                   |  1- 3 |  4- 6 || total
-------------------------+-------+-------++-------
Melee: War axe           |    76 |    67 ||   143
       Headbutt          |     7 |     9 ||    16
  Use: Scroll            |       |     3 ||     3
Armor: Scale mail        |    36 |    29 ||    65
Dodge: Dodged            |    35 |    32 ||    67
Block: Buckler           |    17 |    14 ||    31

Table legend: (Time is in decaauts)
 A = Elapsed time spent in this place.
 B = Non-inter-level travel time spent in this place.
 C = Inter-level travel time spent in this place.
 D = Time resting spent in this place.
 E = Time spent auto-exploring this place.
 F = Levels seen in this place.
 G = Mean time per level.
                   A        B        C        D        E       F      G
               +--------+--------+--------+--------+--------+-----+--------+
         Total |   3008 |   2933 |     75 |    230 |   2163 |   5 |  601.6 |
       Dungeon |   2511 |   2436 |     75 |    130 |   1863 |   4 |  627.8 |
         Sewer |    496 |    496 |      0 |    100 |    300 |   1 |  496.0 |
               +--------+--------+--------+--------+--------+-----+--------+

Top non-repeatable levels by time:
     D:1: 922 daAuts
     D:2: 847 daAuts
     D:3: 537 daAuts
   Sewer: 496 daAuts
     D:4: 204 daAuts
